[Event "Team 45 45 League T74"]
[Site "Internet Chess Club"]
[Date "2017.10.22"]
[Round "6"]
[White "fishhead"]
[Black "anna"]
[Result "0-1"]
[WhiteElo "1717"]
[BlackElo "1918"]
[Opening "Ruy Lopez: closed, Borisenko defense"]
[ECO "C96"]
[Time "14:01:00"]
[TimeControl "2700+45"]

1. e4 e5 2. Nf3 Nc6 3. Bb5 a6 4. Ba4 Nf6 5. O-O Be7 6. Re1 b5 7. Bb3 d6 8. c3
O-O 9. h3 Na5 10. Bc2 c5 11. d4 Nc6 12. d5 Nb8 13. Nbd2 Nbd7 14. Nf1 Re8 15. g4
Nf8 16. Ng3 Ng6 17. Kh2 Bf8 18. g5 Nd7 19. Nh5 f6 20. Rg1 Be7 21. gxf6 Nxf6 22.
Ng5 Bf8 23. Be3 Ra7 24. Rg3 Nf4 25. Nxf4 exf4 26. Bxf4 h6 27. Ne6 Bxe6 28. dxe6
Qe7 29. Bxh6 Qxe6 30. f3 Nh5 31. Be3 Nxg3 32. Kxg3 d5 33. Qh1 Rf7 34. Rf1 Bd6+
35. Kf2 dxe4 36. f4 Bxf4 {White resigns} 0-1

[Event "Team 45 45 League T74"]
[Site "Internet Chess Club"]
[Date "2017.10.23"]
[Round "6"]
[White "vjbaker"]
[Black "room-matt"]
[Result "0-1"]
[WhiteElo "1721"]
[BlackElo "1778"]
[Opening "Ruy Lopez: Bird's defense"]
[ECO "C61"]
[Time "15:02:35"]
[TimeControl "2700+45"]

1. e4 e5 2. Nf3 Nc6 3. Bb5 Nd4 4. Nxd4 exd4 5. O-O Bc5 6. f4 Nf6 7. e5 Nd5 8.
Bc4 Nb6 9. Bb3 d6 10. d3 O-O 11. a4 dxe5 12. fxe5 Nd5 13. Qf3 Be6 14. Na3 Ne3
15. Re1 Bxb3 16. cxb3 Bxa3 17. Bxe3 Bxb2 18. Rab1 Bc3 19. Rec1 c6 20. Bf4 Re8
21. Qg3 Qe7 22. Rf1 a6 23. Rf2 Qe6 24. Rbf1 b6 25. h4 Ra7 26. h5 Bb4 27. h6 g6
28. Qh4 Be7 29. Qh2 Qxb3 30. Bg3 Bg5 31. Rf3 Qxa4 32. Qh3 c5 33. e6 f5 34. Rxf5
gxf5 35. Qxf5 Be3+ 36. Kh1 Bxh6 37. Be5 Rf8 38. Qg4+ Bg7 39. Re1 Qe8 40. Bd6 Rf2
41. e7 Rf6 42. Qg3 Rg6 43. Qf4 Rd7 44. Bxc5 bxc5 45. Rb1 Qxe7 46. Rb8+ Rd8 47.
Rb1 Rf8 48. Qd2 Qh4+ 49. Kg1 Be5 50. Qa2+ Kh8 {White resigns} 0-1

[Event "Team 45 45 League T74"]
[Site "Internet Chess Club"]
[Date "2017.10.21"]
[Round "6"]
[White "LinceHispano44"]
[Black "viktory"]
[Result "1-0"]
[WhiteElo "1734"]
[BlackElo "1672"]
[Opening "QGD: 4.Nf3"]
[ECO "D37"]
[Time "12:00:58"]
[TimeControl "2700+45"]

1. Nf3 d5 2. d4 Nf6 3. c4 e6 4. Nc3 Be7 5. cxd5 exd5 6. Bg5 O-O 7. e3 Bg4 8. Qb3
Bxf3 9. gxf3 Nbd7 10. Rg1 c6 11. Qxb7 Qb6 12. Qxb6 axb6 13. Be2 Kh8 14. Kf1 Bd6
15. Kg2 b5 16. a3 Rg8 17. e4 h6 18. Bxf6 gxf6+ 19. Kh1 dxe4 20. fxe4 Rae8 21.
Bd3 Bf4 22. d5 Ne5 23. Be2 cxd5 24. Rxg8+ Rxg8 25. Nxd5 Bg5 26. f4 {Black
resigns} 1-0

[Event "Team 45 45 League T74"]
[Site "Internet Chess Club"]
[Date "2017.10.23"]
[Round "6"]
[White "sanjay2000"]
[Black "Goli"]
[Result "1-0"]
[WhiteElo "1574"]
[BlackElo "1661"]
[Opening "Pirc: classical, h3 system"]
[ECO "B06"]
[Time "16:00:38"]
[TimeControl "2700+45"]

1. e4 g6 2. d4 Bg7 3. Nf3 d6 4. h3 Nf6 5. Nc3 O-O 6. Be3 Nc6 7. Qd2 a6 8. a4 e5
9. dxe5 Nxe5 10. Nxe5 dxe5 11. O-O-O Be6 12. Bd3 b6 13. Bh6 b5 14. Bxg7 Kxg7 15.
Qg5 Nd7 16. Qxd8 Rfxd8 17. axb5 axb5 18. Nxb5 Ra1+ 19. Kd2 Rxd1+ 20. Rxd1 c5 21.
Nc7 Nf8 22. Ke1 Bc8 23. Bc4 Rd4 24. Rxd4 exd4 25. Ne8+ Kg8 26. Bxf7+ Kh8 27. Bd5
Ne6 28. Nd6 Bd7 29. Nf7+ Kg7 30. Ne5 Bc8 31. Nd3 Nc7 32. Nxc5 Nxd5 33. exd5 Kf6
34. d6 Bf5 35. d7 Ke7 36. Kd2 h5 37. b4 Kd8 38. b5 g5 39. b6 Bxd7 40. b7 {Black
resigns} 1-0

[Event "Team 45 45 League T74"]
[Site "Internet Chess Club"]
[Date "2017.10.20"]
[Round "6"]
[White "Signalman"]
[Black "santiagoelawad"]
[Result "1/2-1/2"]
[WhiteElo "1878"]
[BlackElo "1926"]
[Opening "Queen's pawn: London system"]
[ECO "A45"]
[Time "11:19:17"]
[TimeControl "2700+45"]

1. d4 Nf6 2. Bf4 d5 3. e3 Bf5 4. Nf3 e6 5. Be2 Be7 6. Nbd2 h6 7. c4 c6 8. O-O
O-O 9. Qb3 Qb6 10. c5 Qxb3 11. axb3 Nbd7 12. h3 Rfe8 13. b4 a6 14. Nb3 Bd8 15.
b5 cxb5 16. Bxb5 Rc8 17. c6 axb5 18. cxd7 Nxd7 19. Ra7 Bd3 20. Rc1 Rxc1+ 21.
Nxc1 Be4 22. Rxb7 Nb6 23. Ne5 Nc4 24. Nxf7 Nxb2 25. Nxd8 Rxd8 26. Rxb5 Nc4 27.
Nb3 g5 28. Rb8 Rxb8 29. Bxb8 Kf7 {Game drawn by mutual agreement} 1/2-1/2

[Event "Team 45 45 League T74"]
[Site "Internet Chess Club"]
[Date "2017.10.23"]
[Round "6"]
[White "primerpaso"]
[Black "gera-carp75"]
[Result "0-1"]
[WhiteElo "1809"]
[BlackElo "1791"]
[Opening "English opening"]
[ECO "A10"]
[Time "18:33:39"]
[TimeControl "2700+45"]

1. c4 g6 2. Nc3 Bg7 3. g3 d6 4. Bg2 Nc6 5. e4 e5 6. Nge2 h5 7. d3 h4 8. Be3 Be6
9. Nd5 Qd7 10. Qd2 Nce7 11. O-O-O h3 12. Bf3 c6 13. Nxe7 Nxe7 14. Qc2 O-O 15.
Kb1 b5 16. c5 d5 17. Nc1 d4 18. Bd2 a5 19. Be2 Rfb8 20. f4 Qa7 21. g4 b4 22. f5
b3 23. Nxb3 Bxb3 24. axb3 Rb5 25. Rc1 Rab8 26. Bd1 Bf8 27. Qc4 a4 28. b4 a3 29.
bxa3 Qxa3 30. Bb3 Nd5 31. exd5 Rxb4 32. Bxb4 Rxb4 33. Kc2 Rxc4+ 34. Bxc4 cxd5
35. Bb3 Bh6 36. Rcd1 Qxc5+ 37. Kb2 Qc3+ 38. Ka2 Bd2 39. fxg6 Qa5+ 40. Kb2 Bc3+
41. Kc2 Ba1 42. gxf7+ Kf8 43. Kb1 Qc3 {White resigns} 0-1

[Event "Team 45 45 League T74"]
[Site "Internet Chess Club"]
[Date "2017.10.23"]
[Round "6"]
[White "elmaestro"]
[Black "kabindra"]
[Result "1-0"]
[WhiteElo "1702"]
[BlackElo "1671"]
[Opening "KGD: classical variation"]
[ECO "C30"]
[Time "18:14:00"]
[TimeControl "2700+45"]

1. e4 e5 2. f4 Bc5 3. Nf3 d6 4. Bc4 Nf6 5. Nc3 O-O 6. f5 a6 7. a3 c6 8. d3 h6 9.
Qe2 Nh5 10. g4 Nf4 11. Bxf4 exf4 12. O-O-O Be3+ 13. Kb1 b5 14. Ba2 a5 15. g5
hxg5 16. h4 g4 17. Ng5 b4 18. Qxg4 bxc3 19. Qh5 Re8 20. Qxf7+ Kh8 {Black
resigns} 1-0

[Event "Team 45 45 League T74"]
[Site "Internet Chess Club"]
[Date "2017.10.20"]
[Round "6"]
[White "pokerram"]
[Black "diegoami"]
[Result "1-0"]
[WhiteElo "1583"]
[BlackElo "1595"]
[Opening "Queen's pawn game, Darooha variation "]
[ECO "D02"]
[Time "16:04:21"]
[TimeControl "2700+45"]

1. Nf3 d5 2. d4 Nf6 3. c4 e6 4. g3 c6 5. Qc2 Bd6 6. Bg2 O-O 7. O-O a5 8. Bg5
Nbd7 9. cxd5 exd5 10. Nbd2 Qe8 11. Bxf6 Nxf6 12. Rfe1 Bg4 13. a3 Qd7 14. e4 dxe4
15. Nxe4 Nxe4 16. Qxe4 Bf5 17. Qe3 Rfe8 18. Qd2 Bc7 19. Rad1 a4 20. Qb4 Ba5 21.
Rxe8+ Qxe8 22. Qxb7 Rb8 23. Qa6 Ra8 24. Qc4 Bc7 25. Ne5 Bxe5 26. dxe5 Qxe5 27.
Qxc6 Rc8 28. Qxc8+ {Black resigns} 1-0

[Event "Team 45 45 League T74"]
[Site "Internet Chess Club"]
[Date "2017.10.22"]
[Round "6"]
[White "gomeschess"]
[Black "JSCOL"]
[Result "1/2-1/2"]
[WhiteElo "2081"]
[BlackElo "2151"]
[Opening "Guatemala defense"]
[ECO "B00"]
[Time "13:00:57"]
[TimeControl "2700+45"]

1. e4 b6 2. d4 Ba6 3. c4 e6 4. Nc3 Bb4 5. Bd2 Bxc3 6. Bxc3 d5 7. exd5 exd5 8.
cxd5 Bxf1 9. Kxf1 Qxd5 10. Qe2+ Ne7 11. Nh3 Qd7 12. Re1 Nc6 13. b4 a6 14. a4 Kd8
15. Ng5 Nd5 16. Qc4 Kc8 17. Nxf7 Rf8 18. Ne5 Nxe5 19. dxe5 Qf7 20. Qg4+ Kb7 21.
Bd4 Qf4 22. Qxf4 Rxf4 23. Rd1 Nxb4 24. g3 Re4 25. Kg2 Nc6 26. Ba1 Rd8 27. f4 g6
28. a5 b5 29. Kf3 Ra4 30. Kg4 Rxd1 31. Rxd1 Rxa5 32. e6 Ra2 33. Kf3 Ra3+ 34. Ke4
Ra4+ 35. Kf3 Ra3+ 36. Ke4 Ra4+ 37. Kf3 {Game drawn by mutual agreement} 1/2-1/2

[Event "Team 45 45 League T74"]
[Site "Internet Chess Club"]
[Date "2017.10.18"]
[Round "6"]
[White "dp15"]
[Black "VictorRed"]
[Result "1/2-1/2"]
[WhiteElo "2048"]
[BlackElo "1736"]
[Opening "Sicilian: accelerated fianchetto, Maróczy bind, 6.Be3"]
[ECO "B38"]
[Time "20:01:21"]
[TimeControl "2700+45"]

1. e4 c5 2. Nf3 g6 3. d4 cxd4 4. Nxd4 Bg7 5. c4 Nc6 6. Be3 Nf6 7. Nc3 O-O 8. Be2
d6 9. O-O Nxd4 10. Bxd4 e5 11. Be3 Be6 12. b3 a6 13. f3 Rc8 14. Qd2 Qe7 15. Rfd1
Rfd8 16. Bb6 Rd7 17. a4 h5 18. Nd5 Bxd5 19. cxd5 Kh7 20. b4 Bh6 21. Qd3 h4 22.
b5 axb5 23. axb5 Nh5 24. Bf1 Nf4 25. Qb3 Qg5 26. Kh1 f5 27. Qb4 Rc2 28. Rd2 Rxd2
29. Qxd2 fxe4 30. fxe4 Rf7 31. Be3 Qg4 32. Re1 h3 33. Bxf4 hxg2+ 34. Qxg2 Qxf4
35. b6 Qf2 36. Qxf2 Rxf2 37. Rb1 Bf4 38. Ba6 Rxh2+ 39. Kg1 Rc2 40. Bxb7 Rc1+ 41.
Rxc1 Bxc1 42. Kf2 Ba3 43. Bc8 Bc5+ 44. Kf3 Bxb6 45. Kg4 Kh6 46. Be6 {Game drawn
by mutual agreement} 1/2-1/2

[Event "Team 45 45 League T74"]
[Site "Internet Chess Club"]
[Date "2017.10.22"]
[Round "6"]
[White "Heian"]
[Black "soccerisfun"]
[Result "0-1"]
[WhiteElo "1679"]
[BlackElo "1974"]
[Opening "Giuoco Piano"]
[ECO "C50"]
[Time "13:05:44"]
[TimeControl "2700+45"]

1. e4 e5 2. Nf3 Nc6 3. Bc4 Bc5 4. O-O Nf6 5. d3 d6 6. h3 Be6 7. Bb3 Qd7 8. Be3
O-O-O 9. Bxc5 dxc5 10. Qe2 Nd4 11. Nxd4 cxd4 12. Nd2 g5 13. Nf3 g4 14. Nxe5 Qe7
15. Bxe6+ Qxe6 16. Nxg4 Rhg8 17. Qf3 Nxg4 18. hxg4 Rxg4 19. g3 h5 20. Kg2 h4 21.
Qf5 Qxf5 22. exf5 Rdg8 23. Rh1 hxg3 24. f3 Rf4 25. Rh5 Kd7 26. Re1 c5 27. Re4
Rxf3 28. Re2 Rf4 29. Rh3 Rxf5 30. Rxg3 Rxg3+ 31. Kxg3 Kd6 32. b3 b5 33. Kg2 Re5
34. Rf2 Ke6 35. Kf1 Rf5 36. Ke2 Rxf2+ 37. Kxf2 Kf5 38. Kf3 b4 39. Kg3 Kg5 40.
Kf3 f5 41. Kg3 f4+ 42. Kf3 Kf5 43. Kf2 Kg4 44. Kg2 f3+ 45. Kf2 Kf4 46. Kf1 Kg3
47. Kg1 f2+ 48. Kf1 Kf3 {White resigns} 0-1

[Event "Team 45 45 League T74"]
[Site "Internet Chess Club"]
[Date "2017.10.28"]
[Round "6"]
[White "JJ12"]
[Black "santiagoelawad"]
[Result "1-0"]
[WhiteElo "2134"]
[BlackElo "1918"]
[Opening "Caro-Kann: Steinitz variation"]
[ECO "B17"]
[Time "20:16:09"]
[TimeControl "2700+45"]

1. e4 c6 2. d4 d5 3. Nc3 dxe4 4. Nxe4 Nd7 5. Nf3 Ngf6 6. Nxf6+ Nxf6 7. c3 Bg4 8.
h3 Bxf3 9. Qxf3 Qd5 10. Be2 Qxf3 11. Bxf3 e6 12. Bf4 Nd5 13. Bd2 b5 14. a4 Be7
15. axb5 cxb5 16. Be2 O-O 17. Bxb5 Rab8 18. c4 Nc7 19. Bf4 Rb7 20. Bc6 Rb6 21.
Bf3 Ne8 22. Rxa7 Bf6 23. d5 exd5 24. Bxd5 Rxb2 25. O-O Bd4 26. Rd7 Nf6 27. Bxf7+
Rxf7 28. Rxd4 Rc2 29. Ra1 {Black resigns} 1-0

[Event "Team 45 45 League T74"]
[Site "Internet Chess Club"]
[Date "2017.10.22"]
[Round "6"]
[White "achessman"]
[Black "ANGELLR"]
[Result "1/2-1/2"]
[WhiteElo "1896"]
[BlackElo "1887"]
[Opening "French: exchange variation"]
[ECO "C01"]
[Time "21:34:39"]
[TimeControl "2700+45"]

1. e4 e6 2. d4 d5 3. exd5 exd5 4. Bd3 Bd6 5. Nf3 Nc6 6. O-O Nge7 7. Re1 O-O 8.
Bg5 f6 9. Bh4 Bg4 10. c3 Nf5 11. Bg3 Nxg3 12. hxg3 Ne7 13. Qc2 g6 14. Nbd2 Qd7
15. a4 Rae8 16. Nh2 Be6 17. Nhf3 c6 18. b4 Nf5 19. Re2 Nh6 20. Rae1 Bg4 21. Rxe8
Rxe8 22. Rxe8+ Qxe8 23. Qc1 Kg7 24. Qe1 Qxe1+ 25. Nxe1 Ng8 26. Nf1 Ne7 27. Ne3
Bd7 28. a5 b6 29. axb6 axb6 30. Be2 Kf7 31. Kf1 Nf5 32. N1c2 Ng7 33. b5 Ne8 34.
Bf3 Nc7 35. bxc6 Bxc6 36. c4 Ke6 37. Ke2 f5 38. Kd2 h5 39. Kc3 f4 40. gxf4 Bxf4
41. g3 Bd6 42. Nb4 Bxb4+ 43. Kxb4 Kd6 44. Be2 Ne6 45. cxd5 Bxd5 46. Nxd5 Kxd5
47. Bc4+ Kd6 48. Kc3 g5 49. Bf1 h4 50. Kc4 b5+ 51. Kxb5 Nxd4+ 52. Kc4 Ke5 53.
f4+ gxf4 54. gxh4 Nf5 55. Kd3 Nxh4 56. Ke2 Ke4 57. Kf2 Ng6 58. Bg2+ Ke5 59. Bb7
Nh4 60. Ba8 Kd4 61. Bb7 Ke5 62. Bc8 Ng6 63. Bb7 Ne7 64. Kf3 Nf5 65. Kf2 Nd4 66.
Bh1 {Game drawn by mutual agreement} 1/2-1/2

[Event "Team 45 45 League T74"]
[Site "Internet Chess Club"]
[Date "2017.10.21"]
[Round "6"]
[White "primerpaso"]
[Black "laurenpar"]
[Result "0-1"]
[WhiteElo "1828"]
[BlackElo "1893"]
[Opening "English opening"]
[ECO "A13"]
[Time "21:04:17"]
[TimeControl "2700+45"]

1. c4 e6 2. Nc3 f5 3. g3 Nf6 4. Bg2 Be7 5. e4 fxe4 6. Nxe4 O-O 7. Ne2 Nxe4 8.
Bxe4 d5 9. Bg2 dxc4 10. Qc2 Nc6 11. O-O Qd3 12. Qxd3 cxd3 13. Nf4 e5 14. Nxd3
Bf5 15. Bxc6 Bxd3 16. Bd5+ Kh8 17. Re1 Bc5 18. Rxe5 Bd4 19. Re7 Rxf2 20. Kh1
Rf1+ 21. Kg2 Rg1+ {White resigns} 0-1

[Event "Team 45 45 League T74"]
[Site "Internet Chess Club"]
[Date "2017.10.23"]
[Round "6"]
[White "SlimeDog2"]
[Black "charles-allen"]
[Result "1-0"]
[WhiteElo "1999"]
[BlackElo "1837"]
[Opening "Dutch: Ilyin-Genevsky variation with Qc2"]
[ECO "A98"]
[Time "21:00:50"]
[TimeControl "2700+45"]

1. d4 e6 2. c4 f5 3. g3 Nf6 4. Bg2 Be7 5. Nc3 O-O 6. Nf3 d6 7. O-O Qe8 8. Qc2
Qh5 9. b3 a5 10. Bb2 Nbd7 11. e4 fxe4 12. Nxe4 e5 13. Neg5 Ng4 14. h4 exd4 15.
Ne6 c5 16. Nxf8 Bxf8 17. Rae1 Ndf6 18. Bc1 Bf5 19. Qd1 Ne4 20. Ng5 Nxg5 21. Bxg5
Ra7 22. f3 Ne3 23. Bxe3 dxe3 24. g4 Qxh4 25. Qd5+ Kh8 26. Qxf5 {Black resigns}
1-0

[Event "Team 45 45 League T74"]
[Site "Internet Chess Club"]
[Date "2017.10.19"]
[Round "6"]
[White "trombone"]
[Black "ArturitoGalacti"]
[Result "0-1"]
[WhiteElo "1765"]
[BlackElo "1881"]
[Opening "French: Tarrasch, closed variation"]
[ECO "C05"]
[Time "17:00:35"]
[TimeControl "2700+45"]

1. e4 e6 2. d4 d5 3. Nd2 Nf6 4. Bd3 c5 5. c3 Nc6 6. Ngf3 dxe4 7. Nxe4 cxd4 8.
cxd4 Bb4+ 9. Nc3 O-O 10. O-O h6 11. Bc2 Bd7 12. Qd3 Ne7 13. Ne4 Ned5 14. Nxf6+
Nxf6 15. Ne5 a6 16. Ng4 Re8 17. Nxf6+ Qxf6 18. Qc4 Bd6 19. Rd1 Bb5 20. Qb3 Rac8
21. a4 Bc4 22. Qe3 e5 23. dxe5 Bxe5 24. Qf3 Qxf3 25. gxf3 Be2 26. Rd2 Bxf3 27.
Bb3 Bf4 {White resigns} 0-1

[Event "Team 45 45 League T74"]
[Site "Internet Chess Club"]
[Date "2017.10.22"]
[Round "6"]
[White "ChessHouston"]
[Black "tightfist"]
[Result "0-1"]
[WhiteElo "1684"]
[BlackElo "1501"]
[Opening "French: Tarrasch, open variation"]
[ECO "C07"]
[Time "21:07:40"]
[TimeControl "2700+45"]

1. e4 e6 2. d4 d5 3. Nd2 c5 4. Ngf3 cxd4 5. exd5 Qxd5 6. Bc4 Qa5 7. Nxd4 Nf6 8.
O-O Be7 9. Nb5 O-O 10. Nb3 Qd8 11. Bf4 Na6 12. c3 Bd7 13. Qe2 Bxb5 14. Bxb5 Nc5
15. Rad1 Qb6 16. Nd4 a6 17. Ba4 Nxa4 {White resigns} 0-1

[Event "Team 45 45 League T74"]
[Site "Internet Chess Club"]
[Date "2017.10.21"]
[Round "6"]
[White "VictorRed"]
[Black "LinceHispano44"]
[Result "1/2-1/2"]
[WhiteElo "1736"]
[BlackElo "1734"]
[Opening "English opening"]
[ECO "D35"]
[Time "17:02:07"]
[TimeControl "2700+45"]

1. c4 e6 2. Nc3 d5 3. cxd5 exd5 4. d4 Nf6 5. g3 c6 6. Bg2 Be7 7. Nf3 O-O 8. O-O
Bf5 9. Nh4 Bg4 10. Qd3 Re8 11. Nf5 Bb4 12. Ne3 Be6 13. Nc2 Bd6 14. Bg5 Nbd7 15.
e4 dxe4 16. Nxe4 Be7 17. Nxf6+ Nxf6 18. Rfe1 Bd5 19. f3 Qb6 20. b3 h6 21. Bd2
Rad8 22. Ne3 Be6 23. Bc3 c5 24. Bb2 cxd4 25. Nc2 Bc5 26. Kh1 Rd7 27. Rad1 Red8
28. f4 Bd5 29. Rd2 Bxg2+ 30. Kxg2 Ng4 31. Kg1 Ne3 32. a3 a5 33. Bc1 h5 34. Rde2
h4 35. gxh4 Qh6 36. Nxe3 dxe3 37. Qe4 Re7 38. Qf5 Bb6 39. Qg5 Qd6 40. Bb2 f6 41.
Qg3 Re4 42. Rf1 Bd4 43. Bxd4 Qxd4 44. h5 f5 45. h6 Rd6 46. Qxg7+ Qxg7+ 47. hxg7
Kxg7 48. Kg2 {Game drawn by mutual agreement} 1/2-1/2

[Event "Team 45 45 League T74"]
[Site "Internet Chess Club"]
[Date "2017.10.22"]
[Round "6"]
[White "Packerfan"]
[Black "andrew37"]
[Result "1-0"]
[WhiteElo "1736"]
[BlackElo "1698"]
[Opening "King's pawn opening"]
[ECO "B07"]
[Time "16:31:22"]
[TimeControl "2700+45"]

1. e4 d6 2. d4 c6 3. Nf3 h6 4. c4 Bg4 5. Nc3 g6 6. Be2 Bg7 7. Be3 Nd7 8. h3 Bxf3
9. Bxf3 Ngf6 10. Qd2 Qc7 11. O-O Nf8 12. b4 g5 13. Rac1 Ng6 14. b5 Nh4 15. Be2
Ng6 16. bxc6 bxc6 17. Rb1 O-O 18. Rb3 Rab8 19. Rfb1 Rxb3 20. Rxb3 Rb8 21. f3
Rxb3 22. axb3 Nh5 23. Qa2 Nhf4 24. Bd1 Qb6 25. Qd2 Qb4 26. Kh2 c5 27. Nb5 Qxd2
28. Bxd2 a6 29. Nc7 Bxd4 30. Nxa6 Be5 31. g3 Ne6 32. b4 cxb4 33. Nxb4 Nc5 34.
Kg2 Kf8 35. Bc2 Ke8 36. Nd3 Nxd3 37. Bxd3 Kd7 38. Be3 Kc6 39. Bc2 Kb7 40. c5
dxc5 41. Bxc5 Kc6 42. Be3 Kb5 43. Bb3 f6 44. Bf7 Nf8 45. f4 Bd6 46. fxg5 hxg5
47. h4 gxh4 48. gxh4 Kc6 49. Kf3 Kd7 50. Bd4 e5 51. Bf2 Ke7 52. Bd5 Ng6 53. h5
Nf4 54. h6 Kf8 55. Bc4 Bb4 56. Be3 Ng6 57. Kg4 Ne7 58. Kh5 Bd6 59. Bf2 Bb4 60.
Bh4 f5 61. Bxe7+ Bxe7 62. Kg6 fxe4 63. h7 {Black resigns} 1-0

[Event "Team 45 45 League T74"]
[Site "Internet Chess Club"]
[Date "2017.10.21"]
[Round "6"]
[White "armand068new"]
[Black "kutch"]
[Result "1-0"]
[WhiteElo "1684"]
[BlackElo "1602"]
[Opening "Nimzo-Indian: three knights variation"]
[ECO "E21"]
[Time "14:02:38"]
[TimeControl "2700+45"]

1. d4 Nf6 2. c4 e6 3. Nc3 Bb4 4. Nf3 Bxc3+ 5. bxc3 b6 6. g3 Bb7 7. Bg2 d6 8. O-O
Nbd7 9. Nd2 Bxg2 10. Kxg2 d5 11. Ba3 c5 12. cxd5 exd5 13. f3 O-O 14. e4 dxe4 15.
fxe4 Re8 16. e5 Nd5 17. Qf3 Nxe5 18. dxe5 Rxe5 19. Nc4 Re7 20. Rad1 Rd7 21. Kg1
Rc8 22. Ne5 Qe8 23. Rxd5 Rxd5 24. Qxd5 Kh8 25. Nxf7+ {Black resigns} 1-0

[Event "Team 45 45 League T74"]
[Site "Internet Chess Club"]
[Date "2017.10.24"]
[Round "6"]
[White "clarinetref"]
[Black "Andaluz"]
[Result "1-0"]
[WhiteElo "1515"]
[BlackElo "1285"]
[Opening "English: symmetrical variation"]
[ECO "A30"]
[Time "15:01:28"]
[TimeControl "2700+45"]

1. c4 c5 2. g3 g6 3. Bg2 Bg7 4. Nc3 e6 5. e3 Nc6 6. Nge2 Nge7 7. d4 cxd4 8. exd4
d5 9. b3 a6 10. Bb2 Na5 11. cxd5 exd5 12. O-O O-O 13. Nf4 Be6 14. Na4 b6 15. Qe2
Qd7 16. Nxb6 Qd6 17. Nxa8 Rxa8 18. Rfe1 Ra7 19. Nxe6 fxe6 20. Qxe6+ Qxe6 21.
Rxe6 Kf7 22. Rae1 Rc7 23. Ba3 Nac6 24. Bxe7 Nxe7 25. Rxe7+ Rxe7 26. Bxd5+ Kf8
27. Rxe7 Kxe7 28. Bc4 a5 29. d5 Bd4 30. Kg2 h6 31. f4 Bc5 32. Kf3 Kf6 33. h3 Bd6
34. g4 Bc5 35. Ke4 Bd6 36. Bb5 Ke7 37. f5 g5 38. Kd4 Kf6 39. Bd7 Ke7 40. Be6 Kf6
41. Kc4 Ke5 42. Kb5 Bc7 43. Kc6 Bd6 44. Kd7 Bb4 45. Ke8 Kf6 46. Kd7 Ke5 47. Kc6
Ba3 48. Kb5 Kf4 49. Kxa5 Kg3 50. f6 Kxh3 51. b4 Bb2 52. f7 Bg7 53. d6 Bf8 54. d7
{Black resigns} 1-0

[Event "Team 45 45 League T74"]
[Site "Internet Chess Club"]
[Date "2017.10.21"]
[Round "6"]
[White "AVEMARIA"]
[Black "parrot9"]
[Result "1-0"]
[WhiteElo "1595"]
[BlackElo "1644"]
[Opening "Sicilian: Canal-Sokolsky attack, 3...Bd7"]
[ECO "B52"]
[Time "13:13:45"]
[TimeControl "2700+45"]

1. e4 c5 2. Nf3 d6 3. Bb5+ Bd7 4. Bxd7+ Qxd7 5. O-O Nc6 6. c3 Nf6 7. d3 g6 8. h3
Bg7 9. Re1 O-O 10. Be3 b5 11. Na3 a6 12. Nc2 Qc7 13. Qe2 Rfd8 14. Bf4 Qb6 15.
Rad1 a5 16. d4 cxd4 17. Nfxd4 Nxd4 18. cxd4 Rac8 19. b3 b4 20. d5 Ne8 21. Be3
Qb7 22. Nd4 Nc7 23. Nc6 Rd7 24. Nxa5 Qb8 25. Qg4 e6 26. Nc4 Re8 27. Bf4 Nb5 28.
dxe6 Rxe6 29. e5 Rde7 30. Na5 dxe5 31. Bg5 Ra7 32. Rd8+ Qxd8 33. Bxd8 Rxa5 34.
Bxa5 {Black resigns} 1-0

[Event "Team 45 45 League T74"]
[Site "Internet Chess Club"]
[Date "2017.10.22"]
[Round "6"]
[White "Gojira"]
[Black "julesraider"]
[Result "1-0"]
[WhiteElo "1629"]
[BlackElo "1506"]
[Opening "Queen's pawn: London system"]
[ECO "A45"]
[Time "13:01:12"]
[TimeControl "2700+45"]

1. d4 Nf6 2. Bf4 g6 3. e3 Bg7 4. Be2 d6 5. h3 O-O 6. Nf3 c5 7. c3 Be6 8. Nbd2
Qb6 9. b3 Nd5 10. Nc4 Qc7 11. Rc1 Nxf4 12. exf4 Bd5 13. Ne3 Bxf3 14. Bxf3 cxd4
15. Nd5 Qd7 16. cxd4 Nc6 17. Rc4 e6 18. Nc3 d5 19. Ra4 a6 20. Ne2 b5 21. Ra3 Qd6
22. Qc1 Nxd4 23. Nxd4 Bxd4 24. O-O Bc5 25. b4 Bxb4 26. Rb3 Rac8 27. Qb2 Bc5 28.
g3 Rc7 29. h4 Rfc8 30. h5 Qb6 31. Rd3 Bd6 32. f5 Rc2 33. Qf6 Bf8 34. hxg6 hxg6
35. fxg6 fxg6 36. Bxd5 Re8 37. Qxg6+ Kh8 38. Kg2 Rxf2+ 39. Rxf2 Qxf2+ 40. Kxf2
Bc5+ 41. Kg2 Rf8 42. Qh6+ {Black resigns} 1-0

[Event "Team 45 45 League T74"]
[Site "Internet Chess Club"]
[Date "2017.10.22"]
[Round "6"]
[White "RD1974"]
[Black "crazyhorses"]
[Result "1-0"]
[WhiteElo "1633"]
[BlackElo "1405"]
[Opening "Sicilian: closed, 2...Nc6"]
[ECO "B23"]
[Time "17:21:44"]
[TimeControl "2700+45"]

1. e4 c5 2. Nc3 Nc6 3. Nf3 e6 4. g3 d5 5. e5 Nh6 6. Bg2 Nf5 7. O-O c4 8. d4 Qb6
9. Ne2 Bd7 10. c3 h5 11. h3 O-O-O 12. Ng5 Be8 13. Nf4 Kb8 14. b3 h4 15. g4 Nfxd4
16. Be3 {Black resigns} 1-0

[Event "Team 45 45 League T74"]
[Site "Internet Chess Club"]
[Date "2017.10.23"]
[Round "6"]
[White "MartyJR"]
[Black "tightfist"]
[Result "0-1"]
[WhiteElo "1439"]
[BlackElo "1512"]
[Opening "QGD: Grau (Sahovic) defense"]
[ECO "D06"]
[Time "21:04:41"]
[TimeControl "2700+45"]

1. d4 d5 2. c4 Bf5 3. Nc3 dxc4 4. Nf3 Nf6 5. e3 Nbd7 6. Bxc4 Nb6 7. Be2 h6 8.
O-O e6 9. h3 Be7 10. Bd3 Bxd3 11. Qxd3 O-O 12. Qe2 c6 13. e4 Qc7 14. Be3 Rad8
15. Rfd1 Rd7 16. Rac1 Qb8 17. Ne5 Rdd8 18. Bf4 Bd6 19. Be3 Bxe5 20. dxe5 Qxe5
21. f4 Qc7 22. e5 Rxd1+ 23. Rxd1 Nfd5 24. Ne4 Nxe3 25. Qxe3 Nd5 26. Qxa7 Nxf4
27. Nc5 Rd8 28. Rxd8+ Qxd8 29. Nxb7 Qd1+ 30. Kh2 Qe2 31. Qg1 Qxe5 32. Kh1 Ne2
33. Qd1 Ng3+ 34. Kg1 Qxb2 35. Nc5 Qxa2 36. Qd8+ Kh7 37. Qd3+ Nf5 38. g4 Qa1+ 39.
Kf2 Qd4+ 40. Qxd4 Nxd4 41. Ke3 e5 42. Ke4 f6 43. h4 Kg6 44. Nd3 h5 45. g5 Ne6
46. gxf6 gxf6 47. Ke3 Kf5 48. Nf2 Nc5 49. Nh3 Ne4 50. Ng1 c5 51. Ne2 Nd6 52. Nc3
Kg4 53. Nd5 f5 54. Nf6+ Kxh4 55. Kf3 c4 56. Nd5 Kh3 57. Ne3 c3 58. Kf2 f4 59.
Nc2 h4 60. Kf3 Kh2 61. Kf2 h3 62. Kf1 Ne4 63. Ne1 Ng3+ 64. Kf2 e4 65. Nc2 Nf5
66. Ne1 Nd4 67. Kf1 c2 {White resigns} 0-1

[Event "Team 45 45 League T74"]
[Site "Internet Chess Club"]
[Date "2017.10.22"]
[Round "6"]
[White "kllrchris"]
[Black "Fianchettoed"]
[Result "0-1"]
[WhiteElo "1668"]
[BlackElo "1792"]
[Opening "Caro-Kann: advance variation"]
[ECO "B12"]
[Time "15:02:26"]
[TimeControl "2700+45"]

1. e4 c6 2. d4 d5 3. e5 Bf5 4. h4 h5 5. Bd3 Bxd3 6. Qxd3 e6 7. Bg5 Qb6 8. Nd2
Qa6 9. c4 Nh6 10. Bxh6 Rxh6 11. Ngf3 Be7 12. a3 Nd7 13. Rc1 O-O-O 14. Qc2 Kb8
15. c5 f6 16. exf6 gxf6 17. a4 e5 18. b4 e4 19. Ng1 f5 20. Ne2 Bf6 21. g3 Re8
22. b5 cxb5 23. O-O Bxh4 24. axb5 Qxb5 25. Nf4 Qc6 26. Nb3 Bd8 27. Qd2 h4 28.
Nxd5 hxg3 29. Qf4+ Ka8 30. Ra1 Reh8 31. Rxa7+ Kxa7 32. Ra1+ Qa6 33. Rxa6+ Kxa6
34. Qxg3 Rh1+ 35. Kg2 R8h2+ 36. Qxh2 Rxh2+ 37. Kxh2 Kb5 38. Nd2 Nf6 39. Ne3 f4
40. Nec4 Bc7 41. Kh3 Kb4 42. Nd6 e3 43. fxe3 fxe3 44. Nf3 Bxd6 45. cxd6 Kc3 46.
Kg2 b5 47. Ne5 b4 48. d7 Nxd7 49. Nxd7 Kxd4 50. Nb6 Kd3 51. Kf1 b3 52. Ke1 b2
{White resigns} 0-1